 Dungeon Crawl Stone Soup version 0.25-a0-424-g80bd347ae0 (webtiles) character file.

Game seed: 7471071129579650121, levelgen mode: deterministic

52 kae the Changer (level 3, 0/28 HPs)
             Began as a Draconian Transmuter on Jan 23, 2020.
             Succumbed to an adder's poison
             ... on level 2 of the Dungeon.
             The game lasted 00:01:18 (1564 turns).

kae the Changer (Draconian Transmuter)              Turns: 1564, Time: 00:01:18

Health: 0/28       AC:  7    Str: 17    XL:     3   Next: 60%
Magic:  6/6        EV: 12    Int: 13    God:
Gold:   127        SH:  0    Dex: 12    Spells: 6/7 levels left

rFire    x . .     SeeInvis .     - Unarmed
rCold    + . .     Gourm    .   (no shield)
rNeg     . . .     Faith    .   (armour unavailable)
rPois    .         Spirit   .   (helmet restricted)
rElec    .         Reflect  .   (no cloak)
rCorr    .         Harm     .   (no gloves)
MR       .....                  (no boots)
Stlth    +.........             (no amulet)
HPRegen  0.09/turn              g - +2 ring of protection (curse)
MPRegen  0.10/turn              j - ring of ice

@: mighty, lethally poisoned (0 -> -2), hasted, very quick
A: unfitting armour, cold-blooded, AC +5
a: no special abilities


You were on level 2 of the Dungeon.
You were not hungry.

You visited 1 branch of the dungeon, and saw 2 of its levels.

You collected 127 gold pieces.

Inventory:

Missiles
 a - 12 arrows
Jewellery
 g - a cursed +2 ring of protection (left hand)
 j - a ring of ice (right hand)
Scrolls
 b - 2 scrolls of remove curse
 f - 2 scrolls of identify
Potions
 i - 2 potions of brilliance
Comestibles
 c - 3 rations
 d - a chunk of flesh


   Skills:
 - Level 1.1 Fighting
 - Level 1.7 Dodging
 - Level 3.0 Unarmed Combat
 + Level 2.6 Spellcasting
 * Level 3.5 Transmutations


You had 6 spell levels left.
You knew the following spells:

 Your Spells              Type           Power        Failure   Level  Hunger
a - Beastly Appendage     Tmut           ##....       5%          1    #......

Your spell library contained the following spells:

 Spells                   Type           Power        Failure   Level  Hunger
 Sticks to Snakes         Tmut           ##......     9%          2    ###....
 Spider Form              Tmut/Pois      #.........   34%         3    ###....
 Ice Form                 Ice/Tmut       #.......     75%         4    #####..
 Blade Hands              Tmut           ##........   83%         5    ######.


Dungeon Overview and Level Annotations

Branches:
Dungeon (2/15)

Altars:

Annotations:
D:2 1 runed translucent door, Crazy Yiuf


Innate Abilities, Weirdness & Mutations

Your plain brown scales are hard. (AC +5)
You cannot fit into any form of body armour.
You are cold-blooded and may be slowed by cold attacks.


Message History

a chunk of flesh; a bat skeleton
Okay, then.
d - a chunk of flesh
* * * LOW HITPOINT WARNING * * *
You feel sick.
* * * LOW HITPOINT WARNING * * *
You feel sick.
Okay, then.
Okay, then.
As you read the scroll labeled COETZU ODINA, it crumbles to dust.
You hear a loud clanging noise!
It was a scroll of noise.
As you read the scroll of identify, it crumbles to dust.
j - an uncursed ring of ice
* * * LOW HITPOINT WARNING * * *
You feel sick.
You feel more attuned to ice.
j - a ring of ice (right hand)
There is a lethal amount of poison in your body!
You die...

....# #......## ....#######
####........ ....#.....#
..........## .......##.#
.(........## .......##.########
....[.....## .................#
............ #.........######.##
########....
#..........#####..###########..#.
...[............@................
.#.###......#####.######.....รท###
.#..............#.## #..####...
.#..##.##.#.###.#..# #..# #...
............###.##.## #..# #...
.#.##.......##......# #### ##..
.#.##....#..##.####.# ##.
...............###..# ##### ###
........##........#.# #)..# #..


There were no monsters in sight!

Vanquished Creatures
  2 adders (D:2)
  4 bats
  4 goblins
  7 hobgoblins
  A frilled lizard (D:1)
  9 kobolds
  6 rats
33 creatures vanquished.

Notes
Turn   | Place    | Note
-------+----------+-------------------------------------------
     0 | D:1      | kae the Draconian Transmuter began the quest for the Orb.
     0 | D:1      | Reached XP level 1. HP: 16/16 MP: 3/3
   296 | D:1      | Reached XP level 2. HP: 21/23 MP: 5/5
  1138 | D:2      | Reached XP level 3. HP: 20/28 MP: 4/6
  1278 | D:2      | Found a runed translucent door.
  1279 | D:2      | Noticed Crazy Yiuf
  1557 | D:2      | HP: 1/28 [poisoned by an adder]
  1564 | D:2      | Succumbed to an adder's poison

Levels and vault maps discovered:
D:1:      dpeg_arrival_houses_and_road, layout_basic
D:2:      layout_basic, minmay_misc_feat_chi, due_unseen_surprise,
          uniq_crazy_yiuf_cottage

Skill      XL: |  1  2 |
---------------+-------+-----
Transmutations | 3 |  3.5
Fighting       | |  1.1
Dodging        | |  1.7
Unarmed Combat | |  3.0
Spellcasting   | |  2.6

Action                   || total
-------------------------++-------
Melee: Unarmed           ||   109
       Tailslap          ||     4
       Kick              ||     7
       Headbutt          ||     1
 Cast: Beastly Appendage ||    15
  Use: Scroll            ||     7
       Potion            ||     2
 Stab: Sleeping          ||     1
  Eat: Chunk             ||     2
Armor: Skin              ||    36
Dodge: Dodged            ||    74

Table legend:
 A = Non-vault XP
 B = Vault XP
 C = Vault XP percentage of total XP
 D = Non-vault monster count
 E = Vault monster count
 F = Vault count percentage of total count
                 A         B        C        D         E       F
            +---------+---------+-------+---------+---------+-------
      Total |      75 |       0 |   0.0 |      33 |       0 |   0.0
            +---------+---------+-------+---------+---------+-------
        D:1 |      25 |       0 |   0.0 |      17 |       0 |   0.0
        D:2 |      50 |       0 |   0.0 |      16 |       0 |   0.0
            +---------+---------+-------+---------+---------+-------
